 Dungeon Crawl Stone Soup version 0.31-a0-1-g4198be8af4 (webtiles) character file.

Game seed: 8340741906523598670

65 jasper the Gusty (level 3, -12/24 HPs)
             Began as a Demonspawn Air Elementalist on May 1, 2023.
             Killed by divine providence
             ... invoked by an orc priest
              (14 damage)
             ... on level 3 of the Dungeon.
             The game lasted 00:02:43 (2157 turns).

jasper the Gusty (Demonspawn Air Elementalist)      Turns: 2157, Time: 00:02:44

Health: -12/24     AC:  2    Str:  8    XL:     3   Next: 94%
Magic:  5/7        EV: 12    Int: 18    God:
Gold:   61         SH:  0    Dex: 19    Spells: 1/7 levels left

rFire   . . .        h - +2 short sword (freeze)
rCold   . . .        (no shield)
rNeg    . . .        a - +0 robe
rPois   .            (no helmet)
rElec   .            (no cloak)
rCorr   .            (no gloves)
SInv    .            (no boots)
Will    .....        (no amulet)
Stlth   ++           d - +6 ring of dexterity
HPRegen 0.24/turn    (no ring)
MPRegen 0.10/turn

%: no passive effects
@: no status effects
A: hooves 2
a: no special abilities


You were on level 3 of the Dungeon.
You visited 1 branch of the dungeon, and saw 3 of its levels.

You collected 61 gold pieces.

Inventory:

Hand Weapons
 g - a +0 dagger
 h - a +2 short sword of freezing (weapon)
Armour
 a - a +0 robe (worn)
Jewellery
 d - a +6 ring of dexterity (left hand)
Scrolls
 j - a scroll of fog {unknown}
 l - 3 scrolls of teleportation
 n - a scroll of amnesia {unknown}
 q - a scroll of identify {unknown}
 r - a scroll of noise {unknown}
Potions
 c - 2 potions of degeneration {unknown}
 e - a potion of heal wounds {unknown}
 f - 3 potions of lignification {unknown}
 i - a potion of resistance {unknown}
 k - a potion of flight {unknown}
 m - a potion of curing {unknown}
 o - a potion of haste {unknown}
 p - a potion of invisibility {unknown}


   Skills:
 - Level 1.7 Dodging
 - Level 1.7 Stealth
 + Level 2.7 Spellcasting
 + Level 2.2 Conjurations
 + Level 3.3 Air Magic


You had one spell level left.
You knew the following spells:

 Your Spells              Type           Power      Damage    Failure   Level
a - Shock                 Conj/Air       48%        1d6       5%          1
b - Static Discharge      Conj/Air       24%        2-3/arc   8%          2
c - Swiftness             Air            14%        N/A       12%         3

Your spell library contained the following spells:

 Spells                   Type           Power      Damage    Failure   Level
 Airstrike                Air            7%         2d(1-17)  38%         4


Dungeon Overview and Level Annotations

Branches:
Dungeon (3/15)

Altars:
Wu Jian

Shops:
D:2 [


Innate Abilities, Weirdness & Mutations

You have hoof-like feet.


Message History

You kill the orc!
The lightning grounds out.
The orc closely misses you.
You take 5 damage, and have 13/24 hp.
MASSIVE DAMAGE!!
You now have 3/7 mp.
Casting: Static Discharge (safe; 8% risk of failure)
Confirm with . or Enter, or press ? or * to list all spells.
The orc priest is struck by an arc of lightning.
The orc priest is moderately wounded.
You are struck by an arc of lightning.
The orc is struck by an arc of lightning.
You kill the orc!
The lightning grounds out.
The orc priest barely misses you.
You take 1 damage, and have 12/24 hp.
You now have 1/7 mp.
Aiming: Shock (safe; 5% risk of failure)
Press: ? - help, Q - select action, (/) - cycle Shift-Dir - straight line The zap misses the orc priest. x2
The orc priest closely misses you.
You now have 0/7 mp.
You hit the orc priest. You freeze the orc priest.
The orc priest is moderately wounded.
The orc priest mumbles some strange prayers to Beogh against you.
Beogh smites you!
* * * LOW HITPOINT WARNING * * *
You take 8 damage, and have 4/24 hp.
MASSIVE DAMAGE!!
Magic courses through your body. The orc priest hits you with a +0 mace.
* * * LOW HITPOINT WARNING * * *
You take 1 damage, and have 3/24 hp.
MP restored: 7
Casting: Shock (safe; 5% risk of failure)
Confirm with . or Enter, or press ? or * to list all spells.
The orc priest is struck by an arc of lightning.
The orc priest is heavily wounded.
You are struck by an arc of lightning.
* * * LOW HITPOINT WARNING * * *
The orc priest is struck by an arc of lightning.
The orc priest is severely wounded.
The lightning grounds out.
The orc priest invokes the aid of Beogh against you.
Beogh smites you!
Ouch! That really hurt!
You die...

#.# ######.#
...##.# #
#.##.# #.
#<..<#
#.###)####
#...†.#
#.#†#####
#...@)..#
.......)o......
#.####.########
# #.# #.. ###


You could see an orc priest.

Vanquished Creatures
  An adder (D:2)
  2 dart slugs (D:2)
  4 orcs (D:3)
  10 bats
  An endoplasm (D:2)
  2 giant cockroaches
  A goblin (D:1)
  5 hobgoblins
  2 jackals (D:2)
  3 kobolds
  A quokka (D:1)
  6 ball pythons
  4 frilled lizards
  6 rats
48 creatures vanquished.

Notes
Turn   | Place    | Note
-------+----------+-------------------------------------------
     0 | D:1      | jasper the Demonspawn Air Elementalist began the quest for
                  | the Orb.
     0 | D:1      | Reached XP level 1. HP: 13/13 MP: 3/3
   388 | D:1      | Discovered your monstrous ancestry.
   388 | D:1      | Gained mutation: You have large cloven feet. [demonic
                  | ancestry]
   388 | D:1      | Reached XP level 2. HP: 19/19 MP: 0/5
   391 | D:1      | Learned a level 2 spell: Static Discharge
   635 | D:1      | Reached skill level 3 in Air Magic
  1224 | D:2      | Gained mutation: You have hoof-like feet. [demonic
                  | ancestry]
  1224 | D:2      | Reached XP level 3. HP: 24/24 MP: 1/6
  1490 | D:2      | Found Zotwifet's Armour Boutique.
  1626 | D:2      | Found an ornate altar of the Wu Jian Council.
  2081 | D:3      | Learned a level 3 spell: Swiftness
  2157 | D:3      | Killed from afar by an orc priest

Illustrated notes

Levels and vault maps discovered:
D:1:      eino_arrival_tree_alley, layout_rooms, fountainhead
D:2:      layout_basic, basic_altar, serial_shops, shop
D:3:      layout_loops_ring

Skill      XL: |  1  2  3 |
---------------+----------+-----
Air Magic      | 3 |  3.3
Conjurations   | 2 |  2.2
Dodging        | |  1.7
Stealth        | |  1.7
Spellcasting   | |  2.7

Action                     || total
---------------------------++-------
  Melee: Unarmed           ||    10
         Short sword       ||    21
         Dagger            ||     3
         Kick              ||     3
   Cast: Shock             ||    90
         Static Discharge  ||     5
    Use: Scroll            ||     5
         Potion            ||     1
 Armour: Robe              ||    11
  Dodge: Dodged            ||    31

Table legend: (Time is in decaauts)
 A = Elapsed time spent in this place.
 B = Non-inter-level travel time spent in this place.
 C = Inter-level travel time spent in this place.
 D = Time resting spent in this place.
 E = Time spent auto-exploring this place.
 F = Levels seen in this place.
 G = Mean time per level.
                   A        B        C        D        E       F      G
               +--------+--------+--------+--------+--------+-----+--------+
         Total |   2155 |   2136 |     19 |      3 |   1855 |   3 |  718.3 |
       Dungeon |   2155 |   2136 |     19 |      3 |   1855 |   3 |  718.3 |
               +--------+--------+--------+--------+--------+-----+--------+

Top non-repeatable levels by time:
     D:1: 1048 daAuts
     D:2: 1026 daAuts
     D:3: 80 daAuts
